 Dungeon Crawl Stone Soup version 0.25-a0-949-gdd2af9e06e (webtiles) character file.

Game seed: 710447249084781365, levelgen mode: deterministic

2439 Chiseanne the Skirmisher (level 9, 0/74 HPs)
             Began as a Demonspawn Wanderer on May 8, 2020.
             Slain by a wight
             ... wielding a +0 dire flail
              (3 damage)
             ... on level 6 of the Dungeon.
             The game lasted 00:24:54 (5305 turns).

Chiseanne the Skirmisher (Demonspawn Wanderer)      Turns: 5305, Time: 00:24:55

Health: 0/74       AC: 17    Str: 14    XL:     9   Next: 25%
Magic:  0/11       EV: 12    Int: 13    God:
Gold:   217        SH:  6    Dex: 15    Spells: 11/11 levels left

rFire    . . .     SeeInvis .   u - +3 flail (protect)
rCold    . . .     Gourm    +   n - +1 buckler
rNeg     . . .     Faith    .   y - +0 steam dragon scales
rPois    .         Spirit   +   r - +0 helmet
rElec    .         Reflect  .   (no cloak)
rCorr    .         Harm     .   t - +0 pair of gloves
MR       .....                  (no boots)
Stlth    +.........             e - amulet of the gourmand
HPRegen  0.22/turn              (no ring)
MPRegen  0.12/turn              (no ring)

@: protection aura, heavily drained
A: talons 1, rugged brown scales 2, magic shield
a: no special abilities


You were on level 6 of the Dungeon.
You were hungry.

You visited 1 branch of the dungeon, and saw 6 of its levels.

You collected 217 gold pieces.

Inventory:

Hand Weapons
 a - a +4 antimagic hand axe
 q - a +0 hunting sling
 s - a +2 hand axe of flaming
 u - a +3 flail of protection (weapon)
 w - a +2 hand crossbow
Missiles
 g - 63 sling bullets
 h - 15 bolts
 j - 159 stones (quivered)
Armour
 n - a +1 buckler (worn)
 r - a +0 helmet (worn)
 t - a +0 pair of gloves (worn)
 y - +0 steam dragon scales (worn)
Jewellery
 e - an amulet of the gourmand (around neck)
Wands
 x - a wand of flame (22)
Scrolls
 i - 2 scrolls of enchant armour
 k - 2 scrolls of teleportation
 l - 2 scrolls of amnesia
 m - a scroll of identify
 o - 6 scrolls of remove curse
Potions
 b - a potion of mutation
 p - a potion of ambrosia
Comestibles
 d - 2 chunks of flesh
 f - 13 rations


   Skills:
 * Level 6.5(5.0) Fighting
 - Level 5.0(3.5) Crossbows
 * Level 5.7(4.2) Armour
 * Level 3.4(2.0) Dodging
 * Level 5.3(3.8) Shields
 * Level 1.6(0.2) Spellcasting
   Level 1.0(0.0) Charms
   Level 1.0(0.0) Poison Magic


You had 11 spell levels left.
You didn't know any spells.
Your spell library was empty.

Dungeon Overview and Level Annotations

Branches:
Dungeon (6/15)
 Temple: D:4-7

Altars:


Innate Abilities, Weirdness & Mutations

You have sharp toenails.
You are mostly covered in rugged brown scales. (AC +2, +5% HP)
When hurt, damage is shared between your health and your magic reserves.


Message History

The wight hits you from afar with a +2 spear.
* * * LOW HITPOINT WARNING * * *
You feel drained.
* * * LOW HITPOINT WARNING * * *
You block the wight's attack. The wight barely misses you.
You feel better. The crimson imp closely misses you.
You block the wight's attack. The wight completely misses you.
Okay, then.
The crimson imp barely misses you. The crimson imp closely misses you.
The crimson imp blinks!
The crimson imp sputters.
The crimson imp hits you with a +0 rapier!
* * * LOW HITPOINT WARNING * * *
You hit the wight.
Your weapon exudes an aura of protection.
The wight is heavily damaged.
The crimson imp hits you but does no damage.
The wight hits you with a +0 dire flail.
You die...

#...## #............##
#.....
##...###.............#
#.....
##...#....#.........
##..#.
#......###....#...
##### ##....## #...#.[
## ###....## #..# ##.#
#......## ..## ..###
#...##...# #..###....
..## ##..# #@.#......!
.# #..## #z5....# ..
##..# ##.....#... #..#
#z.......# #..##
#......#. ##..#
#.[...#.# ##...###
#()..#..#
#......####)##...##
#.....#........#######


You could see 2 wights and a crimson imp.

Vanquished Creatures
  Maggie (D:6)
  Grinder (D:6)
  Edmund (D:6)
  Duvessa (D:5)
  An orc warrior (D:6)
  2 centaurs
  2 ogres
  A bullfrog (D:6)
  Blork the orc (D:4)
  Dowan (D:5)
  A water moccasin zombie (D:5)
  2 scorpions (D:4)
  2 wights (D:6)
  3 crimson imps
  2 hounds
  A centaur skeleton (D:4)
  3 orc priests (D:5)
  3 orc wizards
  2 bullfrog skeletons
  A gnoll shaman (D:4)
  An iguana (D:6)
  6 worker ants
  Robin (D:4)
  8 gnolls
  9 adders
  A howler monkey skeleton (D:5)
  2 shadow imps (D:5)
  An ooze (D:3)
  8 worms
  4 leopard geckos
  20 orcs
  4 giant cockroaches
  17 goblins
  6 hobgoblins
  13 jackals
  2 quokkas
  3 ball pythons
  A bat (D:2)
  6 frilled lizards
  A giant cockroach zombie (D:5)
  3 kobolds
  2 quokka zombies (D:5)
  11 rats
162 creatures vanquished.

Vanquished Creatures (others)
  A jackal (D:6)
1 creature vanquished.

Grand Total: 163 creatures vanquished

Notes
Turn   | Place    | Note
-------+----------+-------------------------------------------
     0 | D:1      | Chiseanne the Demonspawn Wanderer began the quest for the
                  | Orb.
     0 | D:1      | Chiseanne set off with the following items: a +2 hand
                  | crossbow, 24 bolts, a +0 ring mail, a scroll of
                  | teleportation, a ration
     0 | D:1      | Reached XP level 1. HP: 16/16 MP: 2/2
   191 | D:3      | Gained mutation: You are partially covered in rugged brown
                  | scales. (AC +1, +3% HP) [demonic ancestry]
   191 | D:3      | Reached XP level 2. HP: 16/22 MP: 3/3
   466 | D:3      | Reached XP level 3. HP: 28/28 MP: 4/4
   913 | D:3      | Reached skill level 3 in Fighting
   913 | D:3      | Gained mutation: When hurt, damage is shared between your
                  | health and your magic reserves. [demonic ancestry]
   913 | D:3      | Reached XP level 4. HP: 28/36 MP: 5/5
  1367 | D:4      | Gained mutation: You are mostly covered in rugged brown
                  | scales. (AC +2, +5% HP) [demonic ancestry]
  1367 | D:4      | Reached XP level 5. HP: 35/43 MP: 6/6
  1582 | D:4      | Noticed Robin
  1606 | D:4      | Killed Robin
  1813 | D:4      | Reached XP level 6. HP: 38/50 MP: 4/7
  2463 | D:4      | Reached skill level 4 in Fighting
  2614 | D:5      | Entered Level 5 of the Dungeon
  2687 | D:5      | Reached XP level 7. HP: 38/56 MP: 4/8
  2924 | D:5      | Noticed Blork the orc
  3127 | D:5      | Noticed Duvessa
  3147 | D:4      | Killed Blork the orc
  3161 | D:5      | Noticed Dowan
  3173 | D:5      | Killed Duvessa
  3364 | D:5      | Killed Dowan
  3427 | D:5      | Reached skill level 5 in Fighting
  3468 | D:5      | Gained mutation: You have sharp toenails. [demonic
                  | ancestry]
  3468 | D:5      | Reached XP level 8. HP: 65/65 MP: 3/9
  3573 | D:5      | HP: 2/65 [orc priest/divine providence (7)]
  3579 | D:5      | HP: 3/97 [poisoned by an adder]
  3964 | D:5      | Reached skill level 1 in Dodging
  4518 | D:5      | Reached skill level 5 in Crossbows
  4745 | D:6      | Noticed Maggie
  4748 | D:6      | Noticed Grinder
  4760 | D:6      | Killed Maggie
  4760 | D:6      | Reached skill level 5 in Armour
  4764 | D:6      | Killed Grinder
  4764 | D:6      | Reached skill level 6 in Fighting
  4795 | D:6      | Reached skill level 5 in Shields
  5052 | D:6      | Reached XP level 9. HP: 72/72 MP: 3/10
  5184 | D:6      | Noticed Edmund
  5216 | D:6      | Killed Edmund
  5297 | D:6      | HP: 3/74 [wight/+2 spear (5)]
  5304 | D:6      | HP: 3/74 [crimson imp/+0 rapier (7)]
  5305 | D:6      | Slain by a wight

Levels and vault maps discovered:
D:1:      sevenhm_arrival_forest_fort_small_4, layout_basic
D:2:      minmay_evil_eye, layout_basic, uniq_crazy_yiuf_cottage
D:3:      layout_basic, gammafunk_temple_overflow_wave, grunt_ministairs_10,
          elyvilon_altar_3
D:4:      layout_basic, nicolae_overflow_hidden_temple, uniq_robin
D:5:      layout_loops_ring, portal_sewer_entry_e, first_ration,
          kennysheep_generic_room_16, uniq_blork_the_orc, uniq_duvessa
D:6:      layout_layer_cave, grunt_temple_overflow_open, minmay_alternating_orb,
          uniq_maggie, uniq_grinder, uniq_edmund

Skill      XL: |  1  2  3  4  5  6  7  8 |
---------------+-------------------------+-----
Crossbows      | 2 3 4 5 |  5.0
Armour         | 2 3 4 5 |  5.7
Fighting       | 3 4 5 6 |  6.5
Shields        | 2 3 4 5 |  5.3
Dodging        | 3 |  3.4
Spellcasting   | |  1.6
Charms         | |  1.0
Poison Magic   | |  1.0

Action                   |  1- 3 |  4- 6 |  7- 9 || total
-------------------------+-------+-------+-------++-------
Melee: Hand axe          |    49 |   107 |   197 ||   353
       Whip              |     6 |       |       ||     6
       Flail             |    30 |    20 |    42 ||    92
       Hand crossbow     |       |       |     2 ||     2
       Kick              |       |       |    41 ||    41
 Fire: Hand crossbow     |    56 |    82 |    72 ||   210
Evoke: Wand              |       |       |     7 ||     7
  Use: Scroll            |     1 |     4 |     8 ||    13
       Potion            |       |       |     4 ||     4
  Eat: Chunk             |       |     6 |     8 ||    14
Armor: Ring mail         |    56 |   110 |    81 ||   247
       Skin              |       |       |     6 ||     6
       Steam dragon scal |       |       |    23 ||    23
Dodge: Dodged            |    47 |   148 |   155 ||   350
Block: Buckler           |    11 |    76 |    95 ||   182

Table legend:
 A = Non-vault XP
 B = Vault XP
 C = Vault XP percentage of total XP
 D = Non-vault monster count
 E = Vault monster count
 F = Vault count percentage of total count
                 A         B        C        D         E       F
            +---------+---------+-------+---------+---------+-------
      Total |    2054 |    1431 |  41.1 |     129 |      33 |  20.4
            +---------+---------+-------+---------+---------+-------
        D:1 |      25 |       0 |   0.0 |      15 |       0 |   0.0
        D:2 |      48 |       0 |   0.0 |      14 |       0 |   0.0
        D:3 |      97 |       9 |   8.5 |      20 |       2 |   9.1
        D:4 |     480 |     129 |  21.2 |      27 |      14 |  34.1
        D:5 |     808 |     321 |  28.4 |      40 |      12 |  23.1
        D:6 |     596 |     972 |  62.0 |      13 |       5 |  27.8
            +---------+---------+-------+---------+---------+-------
